 Dungeon Crawl Stone Soup version 0.27-a0-1140-g099f9bb0e8 (webtiles) character file.

Game seed: 10350577372543145134

504 karkarkar the Ducker (level 6, -14/61 HPs)
             Began as a Troll Fighter on May 8, 2021.
             Demolished by an ogre
             ... wielding a +0 giant club
              (23 damage)
             ... on level 4 of the Dungeon on May 9, 2021.
             The game lasted 00:11:42 (3012 turns).

karkarkar the Ducker (Troll Fighter)                Turns: 3012, Time: 00:11:43

Health: -14/61     AC:  4    Str: 26 (27) XL:     6   Next: 96%
Magic:  5/5        EV:  8    Int:  4      God:
Gold:   184        SH:  9    Dex:  9      Spells: 5/5 levels left

rFire    . . .     SeeInvis .   a - +0 flail
rCold    + . .     Faith    .   c - +0 kite shield
rNeg     + . .     Spirit   .   b - +0 robe
rPois    .         Reflect  .   (helmet restricted)
rElec    .         Harm     .   (no cloak)
rCorr    .         Rampage  .   (gloves unavailable)
Will     .....                  (boots unavailable)
Stlth    +.........             (no amulet)
HPRegen  1.20/turn              h - ring of positive energy
MPRegen  0.09/turn              i - ring of protection from cold

@: no status effects
A: large, unfitting armour, claws 3, regeneration 1, shaggy fur 1, tough skin 1
a: no special abilities


You were on level 4 of the Dungeon.
You visited 1 branch of the dungeon, and saw 4 of its levels.

You collected 184 gold pieces.

Inventory:

Hand Weapons
 a - a +0 flail (weapon)
Armour
 b - a +0 robe (worn)
 c - a +0 kite shield (worn)
Jewellery
 h - a ring of positive energy (left claw)
 i - a ring of protection from cold (right claw)
 j - a ring of protection from cold
Wands
 n - a wand of charming (2)
Scrolls
 f - a scroll of magic mapping
 g - a scroll of acquirement
 k - a scroll of teleportation {unknown}
Potions
 e - a potion of heal wounds
 m - a potion of lignification


   Skills:
 + Level 3.4 Fighting
 + Level 0.5 Short Blades
 + Level 3.8 Maces & Flails
 + Level 3.9 Dodging
 + Level 1.0 Stealth
 + Level 3.5 Shields


You had 5 spell levels left.
You didn't know any spells.
Your spell library was empty.

Dungeon Overview and Level Annotations

Branches:
Dungeon (4/15)
 Temple: D:4-7

Altars:
Elyvilon
Hepliaklqana
Ru
Sif Muna

Shops:
D:3 !


Innate Abilities, Weirdness & Mutations

You are too large for most types of armour.
You have claws for hands.
Your natural rate of healing is unusually fast.
You are covered in fur. (AC +1)
You have tough skin. (AC +1)


Message History

An endoplasm comes into view.
Found 20 arrows.
There is a stone staircase leading up here.
The endoplasm quivers.
You hit the endoplasm.
You kill the endoplasm!
No target in view!
No target in view!
You now have 184 gold pieces (gained 15).
Found an escape hatch in the floor.
As you read the scroll of identify, it crumbles to dust.
g - a scroll of acquirement The ogre shouts!
You sock the ogre!
The ogre is moderately wounded.
The ogre barely misses you.
You hit the ogre.
The ogre is heavily wounded.
The ogre hits you with a +0 giant club!!
Your shield prevents you from hitting the ogre.
The ogre is heavily wounded.
The ogre closely misses you.
You hit the ogre but do no damage.
The ogre is heavily wounded.
The ogre hits you with a +0 giant club!
You are too injured to fight recklessly!
You are too injured to fight recklessly!
You are too injured to fight recklessly!
You are too injured to fight recklessly!
You block the ogre's attack.
You are too injured to fight recklessly!
You are too injured to fight recklessly!
You completely miss the ogre.
The ogre is heavily wounded.
The ogre hits you with a +0 giant club!!
* * * LOW HITPOINT WARNING * * *
You hit the ogre.
The ogre is severely wounded.
The ogre hits you with a +0 giant club!!
You die...

######## #......#
#.>....# #......#
#########
#......#........>.
#......#..........
#.....@O..........
#......#..........##
#......# #.###.....#
##.##### # #.. #.##
#.###### #.##..###
#.##...# ..###.......#
#.##...# #.......#.#..
#.##...#########.#.###
#.##......## #...#


You could see an ogre.

Vanquished Creatures
  An ogre (D:3)
  A kobold brigand (D:3)
  2 hounds (D:3)
  An orc priest (D:3)
  2 iguanas (D:4)
  4 orc wizards (D:4)
  3 adders
  3 worms
  A dart slug (D:1)
  7 orcs
  5 ball pythons
  4 endoplasms
  3 giant cockroaches (D:1)
  2 goblins
  7 hobgoblins
  3 jackals (D:4)
  7 kobolds
  2 quokkas
  9 bats
  6 frilled lizards
  3 rats
76 creatures vanquished.

Notes
Turn   | Place    | Note
-------+----------+-------------------------------------------
     0 | D:1      | karkarkar the Troll Fighter began the quest for the Orb.
     0 | D:1      | Reached XP level 1. HP: 22/22 MP: 0/0
   223 | D:1      | Reached XP level 2. HP: 29/29 MP: 1/1
   961 | D:2      | Reached XP level 3. HP: 20/36 MP: 2/2
  1455 | D:2      | Found a white marble altar of Elyvilon.
  1592 | D:3      | Reached XP level 4. HP: 44/44 MP: 3/3
  1757 | D:3      | Found a shimmering blue altar of Sif Muna.
  1862 | D:3      | Reached XP level 5. HP: 49/52 MP: 4/4
  2014 | D:3      | Found a faded altar of an unknown god.
  2015 | D:3      | Found a hazy altar of Hepliaklqana.
  2263 | D:3      | Found Rufaqory's Distillery.
  2475 | D:4      | Reached XP level 6. HP: 61/61 MP: 5/5
  2526 | D:3      | Reached skill level 1 in Stealth
  2875 | D:4      | Found a sacrificial altar of Ru.
  3002 | D:4      | Identified a scroll of acquirement
  3012 | D:4      | Demolished by an ogre

Illustrated notes

Levels and vault maps discovered:
D:1:      amcnicky_arrival_gap_in_the_tavern_cellar, layout_basic
D:2:      layout_loops_ring, basic_altar
D:3:      layout_loops_ring, beargit_hepliaklqana_dungeon_heroes,
          nicolae_sif_muna_condensation, serial_shops, shop,
          kennysheep_another_room
D:4:      layout_rooms, nicolae_ru_the_path_less_chosen, lemuel_tele_altar

Skill      XL: |  1  2  3  4  5  6 |
---------------+-------------------+-----
Maces & Flails | 2 3 |  3.8
Shields        | 3 |  3.5
Dodging        | 3 |  3.9
Fighting       | 3 |  3.4
Stealth        | 1 |  1.0
Short Blades   | |  0.5

Action                   |  1- 3 |  4- 6 || total
-------------------------+-------+-------++-------
Melee: Flail             |   169 |   167 ||   336
       Short sword       |       |    24 ||    24
  Use: Scroll            |     2 |     2 ||     4
       Potion            |       |     4 ||     4
 Stab: Sleeping          |     1 |     1 ||     2
Armor: Robe              |    68 |    66 ||   134
Dodge: Dodged            |    72 |    62 ||   134
Block: Kite shield       |    92 |   104 ||   196

Table legend: (Time is in decaauts)
 A = Elapsed time spent in this place.
 B = Non-inter-level travel time spent in this place.
 C = Inter-level travel time spent in this place.
 D = Time resting spent in this place.
 E = Time spent auto-exploring this place.
 F = Levels seen in this place.
 G = Mean time per level.
                   A        B        C        D        E       F      G
               +--------+--------+--------+--------+--------+-----+--------+
         Total |   3175 |   3105 |     70 |     27 |   1951 |   4 |  793.8 |
       Dungeon |   3175 |   3105 |     70 |     27 |   1951 |   4 |  793.8 |
               +--------+--------+--------+--------+--------+-----+--------+

Top non-repeatable levels by time:
     D:1: 941 daAuts
     D:3: 812 daAuts
     D:2: 770 daAuts
     D:4: 651 daAuts
